Bruins vs Blues
(R1)
Created - March 8, 2019 at 20:33
Goals
|
Bruins |
0 |
1 |
1 |
0 |
1 |
2 |
Blues |
0 |
2 |
0 |
0 |
2 |
3 |
|
Shots
|
Bruins |
10 |
2 |
12 |
1 |
3 |
25 |
Blues |
13 |
12 |
7 |
0 |
3 |
32 |
|
1st period
No Goal
Penalties :
Wojtek Wolski (Bos) for Hooking (Minor) at 10:31
2nd period
1. Bruins , Dave Bolland 13 (Torey Krug 19, Andrew Alberts 17) at 8:51
2. Blues , Kyle Okposo 18 (Alex Pietrangelo 58, Nicklas Backstrom 54) at 8:57
3. Blues , Travis Zajac 20 (Sergei Shirokov 28) at 9:43
Penalties :
Ted Purcell (STL) for Hooking (Minor) at 3:05, Shane O'Brien (Bos) for Slashing (Minor) at 11:42, Kevin Bieksa (Bos) for Hooking (Minor) at 13:11
3rd period
4. Bruins , Dave Bolland 14 (Pierre-Marc Bouchard 18, Kevin Poulin) at 4:36 (PP)
Penalties :
Henrik Sedin (Bos) for Roughing (Minor) at 2:18, Nicklas Backstrom (STL) for Holding (Minor) at 2:37, Yann Sauvé (STL) for Roughing (Minor) at 5:50, David Perron (STL) for Hooking (Minor) at 8:49, Alex Pietrangelo (STL) for Hooking (Minor) at 15:23
Overtime #1
No Goal
Penalties :
No Penalty
Shootout
Bruins, Viktor Stalberg - Stopped by Carey Price
Blues, David Perron - Stopped by Kevin Poulin
Bruins, Henrik Sedin - Goal!
Blues, Ted Purcell - Goal!
Bruins, Nathan Horton - Stopped by Carey Price
Blues, Nicklas Backstrom - Goal!
Penalties :
No Penalty
Goalie Stats
Kevin Poulin (Bos), 30 saves from 32 shots - (0.938), OTL, 20-26-4, 65:00 minutes
Carey Price (STL), 23 saves from 25 shots - (0.920), W, 22-22-2, 65:00 minutes
Players Stats for Bruins
Player Name G A P +/- PIM S H SB GA TA FO MP PP MP PK MP
------------------------------------------------------------------------------------
Andrew Alberts 0 1 1 0 0 0 3 2 3 2 0/0 26:50 0:19 3:36
Dave Bolland 2 0 2 1 0 4 1 0 0 0 3/6 17:22 0:23 0:52
Dylan DeMelo 0 0 0 0 0 0 1 1 0 1 0/0 9:36 0:00 0:40
Henrik Sedin 0 0 0 -1 2 3 1 3 2 0 14/29 25:30 4:20 3:05
Jason Demers 0 0 0 -2 0 3 5 3 1 5 0/0 33:31 3:19 3:25
Kevin Bieksa 0 0 0 0 2 0 0 1 0 0 0/0 12:16 4:56 0:16
Kris Chucko 0 0 0 0 0 0 2 0 0 0 0/0 8:39 0:00 1:02
Michael Joly 0 0 0 0 0 0 0 0 0 0 0/0 1:42 0:00 0:00
Nathan Horton 0 0 0 -1 0 1 0 0 1 0 0/0 19:23 4:05 1:16
Nikolai Zherdev 0 0 0 0 0 0 1 0 0 0 0/0 5:05 0:00 0:00
Pierre-Marc Bouchard 0 1 1 -1 0 2 3 0 0 0 7/15 19:31 4:10 0:00
Rene Bourque 0 0 0 1 0 3 0 0 0 0 3/5 16:48 0:00 1:32
Shane O'Brien 0 0 0 -1 2 0 0 4 0 1 0/0 23:23 3:00 1:42
T.J Galiardi 0 0 0 -1 0 5 0 0 0 0 0/0 16:28 4:05 0:00
Torey Krug 0 1 1 1 0 1 3 2 0 0 0/0 24:35 4:56 2:21
Victor Oreskovich 0 0 0 -1 0 0 6 4 0 2 0/1 19:20 3:51 0:00
Viktor Stalberg 0 0 0 1 0 2 2 1 0 0 0/0 15:07 3:51 0:23
Wojtek Wolski 0 0 0 -1 2 1 0 3 0 0 0/1 16:53 0:00 2:23
Players Stats for Blues
Player Name G A P +/- PIM S H SB GA TA FO MP PP MP PK MP
------------------------------------------------------------------------------------
Alex Pietrangelo 0 1 1 0 2 5 1 1 1 2 0/0 27:23 2:57 4:22
Brandon Yip 0 0 0 0 0 1 1 0 0 0 0/1 9:50 0:10 0:00
Bryce Lampman 0 0 0 0 0 3 1 0 1 3 0/0 29:39 1:49 5:23
Cody Ceci 0 0 0 0 0 1 0 0 0 0 0/0 14:02 0:00 1:13
David Perron 0 0 0 1 2 2 1 0 2 0 0/0 23:26 3:41 1:21
Filip Forsberg 0 0 0 0 0 1 4 1 0 0 0/1 15:15 2:05 0:17
Kyle Okposo 1 0 1 1 0 1 1 1 1 0 1/3 19:57 3:31 0:00
Linus Omark 0 0 0 0 0 1 0 0 0 0 0/0 6:57 0:00 0:00
Logan Couture 0 0 0 0 0 3 2 0 0 0 7/13 16:57 0:10 5:01
Matthew Spiller 0 0 0 1 0 0 3 1 0 0 0/0 25:28 3:57 2:52
Maxim Lapierre 0 0 0 0 0 1 0 0 1 0 0/0 6:57 0:00 0:00
Nick Leddy 0 0 0 0 0 0 1 0 1 0 0/0 14:14 2:49 0:00
Nicklas Backstrom 0 1 1 1 2 2 1 0 0 0 14/26 21:58 3:30 0:49
Patrick Kaleta 0 0 0 0 0 1 1 0 2 0 0/0 15:21 0:00 5:07
Sergei Shirokov 0 1 1 0 0 0 2 1 2 0 0/0 14:23 2:05 0:00
Ted Purcell 0 0 0 0 2 4 1 0 0 0 0/0 10:57 0:00 1:40
Travis Zajac 1 0 1 0 0 4 5 0 0 0 8/13 17:58 2:05 2:15
Yann Sauvé 0 0 0 1 2 2 2 2 0 2 0/0 19:18 0:00 2:40
3 Stars
1 - Dave Bolland (Bos)
2 - Travis Zajac (STL)
3 - Kyle Okposo (STL)
Power Play
Bruins - 1 on 4 Attempt(s) - 25.00%
Blues - 0 on 5 Attempt(s) - 0.00%
Penalty Kill
Bruins - 5 on 5 Attempt(s) - 100.00%
- Score 0 goal in Penalty Kill
Blues - 3 on 4 Attempt(s) - 75.00%
- Score 0 goal in Penalty Kill
Team Stat
Bruins - Hits : 28 - Faceoff Wins : 27 - Blocked Shots : 24 - Penalty Minutes : 8
Blues - Hits : 27 - Faceoff Wins : 30 - Blocked Shots : 7 - Penalty Minutes : 10
Official
Referees : Unknown
Linesman : Unknown
Game Notes
1:57 of 1st period - Blues goal is going for a video replay. After video review, No Goal. The puck has been directed, batted or thrown into the net by an attacking player other than with a stick.
0:15 of 3rd period - Penalty Shot by Andrew Alberts for Bruins - Stopped by Carey Price
Finance
Level 1 -- Attendance: 5179 (86.32%) -- Ticket Income $460,931
Level 2 -- Attendance: 3728 (74.56%) -- Ticket Income $212,496
Level 3 -- Attendance: 2000 (100.00%) -- Ticket Income $70,000
Level 4 -- Attendance: 4000 (100.00%) -- Ticket Income $96,000
Luxury Box -- Attendance: 796 (79.60%) -- Ticket Income $138,504
Game was played at the Scotttrade center.
Total Attendance: 15703 (87.24%)
Total Ticket Income: $977,931
Other Income: $146,690
Total Income: $1,124,621
Bruins
5 vs 5 Forward
Center Left Wing Right Wing Time % Phy DF OF
1 Henrik Sedin Wojtek Wolski Victor Oreskovich 45 0 2 3
2 Pierre-Marc Bouchard T.J Galiardi Nathan Horton 33 0 2 3
3 Dave Bolland Viktor Stalberg Rene Bourque 21 1 2 2
4 Henrik Sedin Kris Chucko Nikolai Zherdev 1 1 2 2
5 vs 5 Defense
Defense Defense Time % Phy DF OF
1 Jason Demers Shane O'Brien 40 1 2 2
2 Andrew Alberts Torey Krug 30 1 2 2
3 Jason Demers Andrew Alberts 20 1 2 2
4 Jason Demers Dylan DeMelo 10 1 2 2
PowerPlay Forward
Center Left Wing Right Wing Time % Phy DF OF
1 Henrik Sedin T.J Galiardi Nathan Horton 60 0 2 3
2 Pierre-Marc Bouchard Viktor Stalberg Victor Oreskovich 40 0 2 3
PowerPlay Defense
Defense Defense Time % Phy DF OF
1 Torey Krug Kevin Bieksa 60 0 2 3
2 Shane O'Brien Jason Demers 40 0 2 3
Penalty Kill 4 Players Forward
Center Wing Time % Phy DF OF
1 Henrik Sedin Wojtek Wolski 60 0 3 2
2 Dave Bolland Nathan Horton 40 0 3 2
Penalty Kill 4 Players Defense
Defense Defense Time % Phy DF OF
1 Jason Demers Andrew Alberts 60 0 3 2
2 Shane O'Brien Torey Krug 40 0 3 2
Penalty Kill - 3 Players Forward
Forward Time % Phy DF OF
1 Wojtek Wolski 60 0 4 1
2 Nathan Horton 40 0 4 1
Penalty Kill - 3 Players Defense
Defense Defense Time % Phy DF OF
1 Jason Demers Andrew Alberts 60 0 5 0
2 Shane O'Brien Torey Krug 40 0 5 0
4 vs 4 Forward
Center Wing Time % Phy DF OF
1 Henrik Sedin Dave Bolland 60 1 2 2
2 Nathan Horton Victor Oreskovich 40 1 2 2
4 vs 4 Defense
Defense Defense Time % Phy DF OF
1 Jason Demers Shane O'Brien 60 1 2 2
2 Shane O'Brien Torey Krug 40 1 2 2
Last Minutes Offensive
Center Left Wing Right Wing Defense Defense
Henrik Sedin Viktor Stalberg Nathan Horton Jason Demers Torey Krug
Last Minutes Defensive
Center Left Wing Right Wing Defense Defense
Henrik Sedin Viktor Stalberg Nathan Horton Jason Demers Shane O'Brien
Goaltenders
Starting : Kevin Poulin
Backup : Craig Anderson
Extra Forwards
Normal : Pierre-Marc Bouchard, Dave Bolland, Rene Bourque - PP : Pierre-Marc Bouchard, Dave Bolland - PK : Rene Bourque
Extra Defensemen
Normal : Torey Krug, Andrew Alberts, Jason Demers - PP : Kevin Bieksa - PK : Torey Krug, Shane O'Brien
Penalty Shots
Viktor Stalberg, Henrik Sedin, Nathan Horton, Victor Oreskovich, Pierre-Marc Bouchard
Scratches
Brendan Smith (Bruised Right Arm Injury), Freddie Hamilton (Healthy)
Blues
5 vs 5 Forward
Center Left Wing Right Wing Time % Phy DF OF
1 Nicklas Backstrom David Perron Kyle Okposo 40 1 2 2
2 Travis Zajac Filip Forsberg Sergei Shirokov 30 1 2 2
3 Logan Couture Ted Purcell Patrick Kaleta 20 1 2 2
4 Maxim Lapierre Linus Omark Brandon Yip 10 1 2 2
5 vs 5 Defense
Defense Defense Time % Phy DF OF
1 Alex Pietrangelo Bryce Lampman 40 1 2 2
2 Matthew Spiller Yann Sauvé 30 1 2 2
3 Nick Leddy Cody Ceci 20 1 2 2
4 Matthew Spiller Bryce Lampman 10 1 2 2
PowerPlay Forward
Center Left Wing Right Wing Time % Phy DF OF
1 Nicklas Backstrom David Perron Kyle Okposo 60 1 2 2
2 Travis Zajac Filip Forsberg Sergei Shirokov 40 1 2 2
PowerPlay Defense
Defense Defense Time % Phy DF OF
1 Alex Pietrangelo Matthew Spiller 60 1 2 2
2 Nick Leddy Bryce Lampman 40 1 2 2
Penalty Kill 4 Players Forward
Center Wing Time % Phy DF OF
1 Logan Couture Patrick Kaleta 60 1 2 2
2 Travis Zajac Ted Purcell 40 1 2 2
Penalty Kill 4 Players Defense
Defense Defense Time % Phy DF OF
1 Alex Pietrangelo Bryce Lampman 60 1 2 2
2 Matthew Spiller Yann Sauvé 40 1 2 2
Penalty Kill - 3 Players Forward
Forward Time % Phy DF OF
1 Maxim Lapierre 60 1 2 2
2 Logan Couture 40 1 2 2
Penalty Kill - 3 Players Defense
Defense Defense Time % Phy DF OF
1 Alex Pietrangelo Bryce Lampman 60 1 2 2
2 Matthew Spiller Yann Sauvé 40 1 2 2
4 vs 4 Forward
Center Wing Time % Phy DF OF
1 Nicklas Backstrom David Perron 60 1 2 2
2 Travis Zajac Kyle Okposo 40 1 2 2
4 vs 4 Defense
Defense Defense Time % Phy DF OF
1 Alex Pietrangelo Bryce Lampman 60 1 2 2
2 Matthew Spiller Yann Sauvé 40 1 2 2
Last Minutes Offensive
Center Left Wing Right Wing Defense Defense
Nicklas Backstrom David Perron Kyle Okposo Alex Pietrangelo Matthew Spiller
Last Minutes Defensive
Center Left Wing Right Wing Defense Defense
Travis Zajac Ted Purcell Patrick Kaleta Alex Pietrangelo Bryce Lampman
Goaltenders
Starting : Carey Price
Backup : Ray Emery
Extra Forwards
Normal : Logan Couture, Brandon Yip, Patrick Kaleta - PP : Logan Couture, Brandon Yip - PK : Patrick Kaleta
Extra Defensemen
Normal : Nick Leddy, Cody Ceci, Matthew Spiller - PP : Nick Leddy - PK : Cody Ceci, Matthew Spiller
Penalty Shots
David Perron, Ted Purcell, Nicklas Backstrom, Logan Couture, Linus Omark
Scratches
Jake Gardiner (Suspend)
% Time on Ice - Bruins
Lines # - Real PCT - Wanted PCT - Time Play
Normal Forward
1 - 34% - 45% - 14:58
2 - 30% - 33% - 13:26
3 - 25% - 21% - 10:57
4 - 11% - 1% - 4:58
Normal Defense
1 - 34% - 40% - 15:02
2 - 36% - 30% - 15:44
3 - 15% - 20% - 6:38
4 - 16% - 10% - 6:55
PP Forward
1 - 53% - 60% - 4:24
2 - 47% - 40% - 3:51
PP Defense
1 - 64% - 60% - 5:15
2 - 36% - 40% - 3:00
PK Forward
1 - 77% - 60% - 4:04
2 - 23% - 40% - 1:12
PK Defense
1 - 63% - 60% - 3:18
2 - 37% - 40% - 1:58
PK3 Forward
1 - 87% - 60% - 0:26
2 - 13% - 40% - 0:04
PK3 Defense
1 - 100% - 60% - 0:30
2 - 0% - 40% - 0:00
44 Forward
1 - 79% - 60% - 5:17
2 - 21% - 40% - 1:23
44 Defense
1 - 67% - 60% - 4:29
2 - 33% - 40% - 2:11
Last Minute Offensive - 0:00
Last Minute Defensive - 0:00
Total
Forward - 65:00
Defense - 65:00
|
% Time on Ice - Blues
Lines # - Real PCT - Wanted PCT - Time Play
Normal Forward
1 - 37% - 40% - 16:28
2 - 28% - 30% - 12:18
3 - 19% - 20% - 8:36
4 - 16% - 10% - 6:57
Normal Defense
1 - 40% - 40% - 17:44
2 - 33% - 30% - 14:28
3 - 24% - 20% - 10:26
4 - 4% - 10% - 1:41
PP Forward
1 - 64% - 60% - 3:41
2 - 36% - 40% - 2:05
PP Defense
1 - 72% - 60% - 4:09
2 - 28% - 40% - 1:37
PK Forward
1 - 73% - 60% - 6:00
2 - 27% - 40% - 2:15
PK Defense
1 - 65% - 60% - 5:23
2 - 35% - 40% - 2:52
PK3 Forward
1 - 0% - 60%
2 - 0% - 40%
PK3 Defense
1 - 0% - 60%
2 - 0% - 40%
44 Forward
1 - 80% - 60% - 5:20
2 - 20% - 40% - 1:20
44 Defense
1 - 61% - 60% - 4:03
2 - 39% - 40% - 2:37
Last Minute Offensive - 0:00
Last Minute Defensive - 0:00
Total
Forward - 65:00
Defense - 65:00
|
Play-by-Play
1st period
0:01 of 1st period - Nicklas Backstrom wins face-off versus Henrik Sedin in neutral zone.
0:08 of 1st period - Slapshot by Alex Pietrangelo.
0:08 of 1st period - Stopped by Kevin Poulin with a rebound.
0:10 of 1st period - Slapshot by Alex Pietrangelo.
0:10 of 1st period - Shot Blocked by Shane O'Brien.
0:12 of 1st period - Backhand shot by Kyle Okposo.
0:12 of 1st period - Shot Blocked by Victor Oreskovich.
0:32 of 1st period - Snap shot by T.J Galiardi.
0:32 of 1st period - Stopped by Carey Price with a rebound.
0:39 of 1st period - Off-side.
0:40 of 1st period - Dave Bolland wins face-off versus Logan Couture in neutral zone.
1:25 of 1st period - Slapshot by T.J Galiardi.
1:25 of 1st period - Stopped by Carey Price without a rebound.
1:26 of 1st period - Pierre-Marc Bouchard wins face-off versus Nicklas Backstrom in Blues zone.
1:51 of 1st period - Wrist shot by Kyle Okposo.
1:51 of 1st period - Shot Blocked by Dylan DeMelo.
1:53 of 1st period - Slapshot by Cody Ceci.
1:53 of 1st period - Stopped by Kevin Poulin with a rebound.
1:55 of 1st period - Slapshot by Cody Ceci.
1:55 of 1st period - Shot Blocked by Victor Oreskovich.
1:57 of 1st period - Snap shot by Travis Zajac.
1:57 of 1st period - Blues goal is going for a video replay.
1:57 of 1st period - The goal is refused. The puck has been directed, batted or thrown into the net by an attacking player other than with a stick..
1:58 of 1st period - Travis Zajac wins face-off versus Dave Bolland in Bruins zone.
3:26 of 1st period - Torey Krug is hit by Sergei Shirokov and loses puck.
3:37 of 1st period - Snap shot by Travis Zajac.
3:37 of 1st period - Shot Misses the Net.
3:51 of 1st period - Andrew Alberts is hit by Yann Sauvé and loses puck.
4:00 of 1st period - Snap shot by Patrick Kaleta.
4:00 of 1st period - Shot Misses the Net.
4:12 of 1st period - Cody Ceci is hit by Torey Krug and loses puck.
5:24 of 1st period - Snap shot by Kyle Okposo.
5:24 of 1st period - Deflect By Nicklas Backstrom.
5:24 of 1st period - Shot Blocked by Victor Oreskovich.
5:24 of 1st period - Puck is out of play.
5:25 of 1st period - Nicklas Backstrom wins face-off versus Pierre-Marc Bouchard in Bruins zone.
5:26 of 1st period - Slapshot by Kyle Okposo.
5:26 of 1st period - Shot Misses the Net.
5:47 of 1st period - Wrist shot by Nicklas Backstrom.
5:47 of 1st period - Shot Blocked by Andrew Alberts.
6:13 of 1st period - Snap shot by Nicklas Backstrom.
6:13 of 1st period - Shot Misses the Net.
6:15 of 1st period - Slapshot by Bryce Lampman.
6:15 of 1st period - Stopped by Kevin Poulin without a rebound.
6:16 of 1st period - Travis Zajac wins face-off versus Henrik Sedin in Bruins zone.
6:23 of 1st period - Wrist shot by Travis Zajac.
6:23 of 1st period - Stopped by Kevin Poulin with a rebound.
7:10 of 1st period - Wrist shot by Travis Zajac.
7:10 of 1st period - Shot Misses the Net.
7:55 of 1st period - Backhand shot by Kyle Okposo.
7:55 of 1st period - Shot Blocked by Henrik Sedin.
7:59 of 1st period - Slapshot by Kyle Okposo.
7:59 of 1st period - Shot Misses the Net.
8:01 of 1st period - Snap shot by Cody Ceci.
8:01 of 1st period - Shot Blocked by Victor Oreskovich.
8:03 of 1st period - Snap shot by Cody Ceci.
8:03 of 1st period - Shot Blocked by Andrew Alberts.
8:47 of 1st period - Snap shot by Rene Bourque.
8:47 of 1st period - Stopped by Carey Price without a rebound.
8:48 of 1st period - Dave Bolland wins face-off versus Nicklas Backstrom in Blues zone.
9:02 of 1st period - Snap shot by Viktor Stalberg.
9:02 of 1st period - Stopped by Carey Price with a rebound.
9:04 of 1st period - Slapshot by Viktor Stalberg.
9:04 of 1st period - Shot Blocked by Yann Sauvé.
9:08 of 1st period - Snap shot by Rene Bourque.
9:08 of 1st period - Stopped by Carey Price without a rebound.
9:09 of 1st period - Pierre-Marc Bouchard wins face-off versus Travis Zajac in Blues zone.
9:24 of 1st period - Wrist shot by Pierre-Marc Bouchard.
9:24 of 1st period - Stopped by Carey Price without a rebound.
9:25 of 1st period - Henrik Sedin wins face-off versus Kyle Okposo in Blues zone.
10:13 of 1st period - Alex Pietrangelo is hit by Andrew Alberts and loses puck.
10:22 of 1st period - Wrist shot by Patrick Kaleta.
10:22 of 1st period - Stopped by Kevin Poulin with a rebound.
10:24 of 1st period - Slapshot by Alex Pietrangelo.
10:24 of 1st period - Stopped by Kevin Poulin without a rebound.
10:25 of 1st period - Nicklas Backstrom wins face-off versus Henrik Sedin in Bruins zone.
10:31 of 1st period - Minor Penalty to Wojtek Wolski for Hooking.
10:32 of 1st period - Nicklas Backstrom wins face-off versus Rene Bourque in Bruins zone.
10:32 of 1st period - Slapshot by Alex Pietrangelo.
10:32 of 1st period - Shot Misses the Net.
10:40 of 1st period - Slapshot by Alex Pietrangelo.
10:40 of 1st period - Shot Blocked by Henrik Sedin.
11:06 of 1st period - Off-side.
11:07 of 1st period - Nicklas Backstrom wins face-off versus Henrik Sedin in neutral zone.
11:22 of 1st period - Snap shot by Nicklas Backstrom.
11:22 of 1st period - Shot Misses the Net.
11:42 of 1st period - Wrist shot by Sergei Shirokov.
11:42 of 1st period - Shot Misses the Net.
11:44 of 1st period - Slapshot by Bryce Lampman.
11:44 of 1st period - Shot Blocked by Torey Krug.
12:31 of 1st period - Penalty to Wojtek Wolski is over, Wojtek Wolski is back on ice.
12:41 of 1st period - Logan Couture is hit by Dylan DeMelo and loses puck.
13:05 of 1st period - Jason Demers is hit by Brandon Yip.
13:25 of 1st period - Viktor Stalberg is hit by Travis Zajac and loses puck.
13:53 of 1st period - Off-side.
13:54 of 1st period - Henrik Sedin wins face-off versus Nicklas Backstrom in neutral zone.
14:03 of 1st period - Off-side.
14:04 of 1st period - Kyle Okposo wins face-off versus Pierre-Marc Bouchard in neutral zone.
14:09 of 1st period - Snap shot by Nicklas Backstrom.
14:09 of 1st period - Shot Misses the Net.
14:22 of 1st period - Icing by Nicklas Backstrom.
14:23 of 1st period - Nicklas Backstrom wins face-off versus Victor Oreskovich in Blues zone.
14:23 of 1st period - Nicklas Backstrom is hit by Jason Demers.
14:29 of 1st period - Snap shot by Wojtek Wolski.
14:29 of 1st period - Stopped by Carey Price with a rebound.
14:45 of 1st period - Snap shot by David Perron.
14:45 of 1st period - Deflect By Wojtek Wolski.
14:45 of 1st period - Stopped by Kevin Poulin without a rebound.
14:46 of 1st period - Pierre-Marc Bouchard wins face-off versus Filip Forsberg in Bruins zone.
14:46 of 1st period - Pierre-Marc Bouchard is hit by Filip Forsberg.
14:55 of 1st period - Off-side.
14:56 of 1st period - Pierre-Marc Bouchard wins face-off versus Travis Zajac in neutral zone.
15:05 of 1st period - Wrist shot by Nathan Horton.
15:05 of 1st period - Stopped by Carey Price with a rebound.
15:07 of 1st period - Snap shot by Jason Demers.
15:07 of 1st period - Shot Misses the Net.
15:09 of 1st period - Wrist shot by Jason Demers.
15:09 of 1st period - Stopped by Carey Price without a rebound.
15:10 of 1st period - Nicklas Backstrom wins face-off versus Henrik Sedin in Blues zone.
15:46 of 1st period - Wrist shot by T.J Galiardi.
15:46 of 1st period - Shot Blocked by Sergei Shirokov.
16:00 of 1st period - Slapshot by Logan Couture.
16:00 of 1st period - Stopped by Kevin Poulin without a rebound.
16:01 of 1st period - Logan Couture wins face-off versus Dave Bolland in Bruins zone.
16:02 of 1st period - Snap shot by Ted Purcell.
16:02 of 1st period - Stopped by Kevin Poulin with a rebound.
16:04 of 1st period - Slapshot by Yann Sauvé.
16:04 of 1st period - Shot Blocked by Shane O'Brien.
16:06 of 1st period - Slapshot by Yann Sauvé.
16:06 of 1st period - Stopped by Kevin Poulin with a rebound.
16:20 of 1st period - Snap shot by Ted Purcell.
16:20 of 1st period - Shot Blocked by Shane O'Brien.
16:32 of 1st period - Backhand shot by Jason Demers.
16:32 of 1st period - Stopped by Carey Price with a rebound.
16:43 of 1st period - Snap shot by Ted Purcell.
16:43 of 1st period - Stopped by Kevin Poulin with a rebound.
17:06 of 1st period - Off-side.
17:07 of 1st period - Henrik Sedin wins face-off versus Nicklas Backstrom in neutral zone.
17:20 of 1st period - Bryce Lampman is hit by Victor Oreskovich.
17:32 of 1st period - Nathan Horton is hit by Filip Forsberg and loses puck.
18:00 of 1st period - Off-side.
18:01 of 1st period - Nicklas Backstrom wins face-off versus Henrik Sedin in neutral zone.
18:16 of 1st period - Wrist shot by Nicklas Backstrom.
18:16 of 1st period - Stopped by Kevin Poulin without a rebound.
18:17 of 1st period - Pierre-Marc Bouchard wins face-off versus Travis Zajac in Bruins zone.
18:17 of 1st period - Pierre-Marc Bouchard is hit by Filip Forsberg.
18:43 of 1st period - Wojtek Wolski is hit by Kyle Okposo and loses puck.
19:32 of 1st period - Ted Purcell is hit by Andrew Alberts and loses puck.
Goals for this period are 0 for Bruins vs 0 for Blues.
Shots for this period are 10 for Bruins vs 13 for Blues.
2nd period
0:01 of 2nd period - Henrik Sedin wins face-off versus Nicklas Backstrom in neutral zone.
0:04 of 2nd period - Wrist shot by Henrik Sedin.
0:04 of 2nd period - Shot Blocked by Kyle Okposo.
0:50 of 2nd period - Slapshot by Alex Pietrangelo.
0:50 of 2nd period - Shot Blocked by Shane O'Brien.
0:52 of 2nd period - Snap shot by Linus Omark.
0:52 of 2nd period - Shot Blocked by Viktor Stalberg.
0:54 of 2nd period - Slapshot by Alex Pietrangelo.
0:54 of 2nd period - Stopped by Kevin Poulin without a rebound.
0:55 of 2nd period - Henrik Sedin wins face-off versus Nicklas Backstrom in Bruins zone.
1:48 of 2nd period - Matthew Spiller is hit by Viktor Stalberg and loses puck.
2:10 of 2nd period - Snap shot by Linus Omark.
2:10 of 2nd period - Shot Blocked by Jason Demers.
2:43 of 2nd period - Cody Ceci is hit by Andrew Alberts and loses puck.
3:05 of 2nd period - Minor Penalty to Ted Purcell for Hooking.
3:06 of 2nd period - Henrik Sedin wins face-off versus Logan Couture in Blues zone.
3:56 of 2nd period - Snap shot by Travis Zajac.
3:56 of 2nd period - Stopped by Kevin Poulin without a rebound.
3:57 of 2nd period - Henrik Sedin wins face-off versus Travis Zajac in Bruins zone.
3:57 of 2nd period - Henrik Sedin is hit by Travis Zajac.
4:21 of 2nd period - Snap shot by Pierre-Marc Bouchard.
4:21 of 2nd period - Shot Blocked by Yann Sauvé.
5:05 of 2nd period - Penalty to Ted Purcell is over, Ted Purcell is back on ice.
5:07 of 2nd period - Victor Oreskovich is hit by Bryce Lampman and loses puck.
7:33 of 2nd period - Icing by Matthew Spiller.
7:34 of 2nd period - Pierre-Marc Bouchard wins face-off versus Logan Couture in Blues zone.
7:35 of 2nd period - Snap shot by T.J Galiardi.
7:35 of 2nd period - Stopped by Carey Price with a rebound.
7:51 of 2nd period - Slapshot by Matthew Spiller.
7:51 of 2nd period - Shot Blocked by Kevin Bieksa.
7:53 of 2nd period - Slapshot by Travis Zajac.
7:53 of 2nd period - Deflect By Filip Forsberg.
7:53 of 2nd period - Shot Misses the Net.
7:53 of 2nd period - Puck is out of play.
7:54 of 2nd period - Dave Bolland wins face-off versus Travis Zajac in Bruins zone.
8:13 of 2nd period - Slapshot by Yann Sauvé.
8:13 of 2nd period - Stopped by Kevin Poulin without a rebound.
8:14 of 2nd period - Henrik Sedin wins face-off versus Nicklas Backstrom in Bruins zone.
8:25 of 2nd period - Wrist shot by Henrik Sedin.
8:25 of 2nd period - Shot Misses the Net.
8:51 of 2nd period - Wrist shot by Dave Bolland.
8:51 of 2nd period - Goal by Dave Bolland - Bruins : 1 - Blues : 0.
8:52 of 2nd period - Nicklas Backstrom wins face-off versus Henrik Sedin in neutral zone.
8:55 of 2nd period - Slapshot by Alex Pietrangelo.
8:55 of 2nd period - Shot Blocked by Henrik Sedin.
8:57 of 2nd period - Wrist shot by Kyle Okposo.
8:57 of 2nd period - Goal by Kyle Okposo - Bruins : 1 - Blues : 1.
8:58 of 2nd period - Nicklas Backstrom wins face-off versus Henrik Sedin in neutral zone.
9:07 of 2nd period - Snap shot by Nicklas Backstrom.
9:07 of 2nd period - Shot Blocked by Jason Demers.
9:09 of 2nd period - Snap shot by Nicklas Backstrom.
9:09 of 2nd period - Shot Blocked by Wojtek Wolski.
9:11 of 2nd period - Slapshot by Matthew Spiller.
9:11 of 2nd period - Deflect By Nicklas Backstrom.
9:11 of 2nd period - Shot Blocked by Wojtek Wolski.
9:11 of 2nd period - Puck is out of play.
9:12 of 2nd period - Henrik Sedin wins face-off versus Nicklas Backstrom in Bruins zone.
9:21 of 2nd period - Snap shot by Kyle Okposo.
9:21 of 2nd period - Shot Misses the Net.
9:23 of 2nd period - Slapshot by Bryce Lampman.
9:23 of 2nd period - Stopped by Kevin Poulin with a rebound.
9:25 of 2nd period - Slapshot by Alex Pietrangelo.
9:25 of 2nd period - Stopped by Kevin Poulin with a rebound.
9:27 of 2nd period - Slapshot by David Perron.
9:27 of 2nd period - Shot Misses the Net.
9:29 of 2nd period - Snap shot by Kyle Okposo.
9:29 of 2nd period - Deflect By David Perron.
9:29 of 2nd period - Shot Misses the Net.
9:29 of 2nd period - Puck is out of play.
9:30 of 2nd period - Travis Zajac wins face-off versus Pierre-Marc Bouchard in Bruins zone.
9:43 of 2nd period - Snap shot by Travis Zajac.
9:43 of 2nd period - Goal by Travis Zajac - Bruins : 1 - Blues : 2.
9:44 of 2nd period - Henrik Sedin wins face-off versus Nicklas Backstrom in neutral zone.
9:56 of 2nd period - Alex Pietrangelo is hit by Victor Oreskovich and loses puck.
10:01 of 2nd period - Snap shot by Alex Pietrangelo.
10:01 of 2nd period - Deflect By Henrik Sedin.
10:01 of 2nd period - Stopped by Kevin Poulin with a rebound.
10:37 of 2nd period - Snap shot by Ted Purcell.
10:37 of 2nd period - Stopped by Kevin Poulin with a rebound.
11:13 of 2nd period - Kyle Okposo is hit by Pierre-Marc Bouchard and loses puck.
11:42 of 2nd period - Minor Penalty to Shane O'Brien for Slashing.
11:43 of 2nd period - Henrik Sedin wins face-off versus Nicklas Backstrom in Bruins zone.
11:50 of 2nd period - Wrist shot by Henrik Sedin.
11:50 of 2nd period - Shot Misses the Net.
11:53 of 2nd period - Icing by Nick Leddy.
11:54 of 2nd period - Nicklas Backstrom wins face-off versus Henrik Sedin in Blues zone.
12:13 of 2nd period - Wojtek Wolski is hit by Nicklas Backstrom and loses puck.
12:32 of 2nd period - Backhand shot by David Perron.
12:32 of 2nd period - Shot Misses the Net.
12:34 of 2nd period - Slapshot by Matthew Spiller.
12:34 of 2nd period - Shot Blocked by Wojtek Wolski.
12:54 of 2nd period - Wrist shot by Nicklas Backstrom.
12:54 of 2nd period - Stopped by Kevin Poulin without a rebound.
12:55 of 2nd period - Travis Zajac wins face-off versus Dave Bolland in Bruins zone.
13:11 of 2nd period - Minor Penalty to Kevin Bieksa for Hooking.
13:12 of 2nd period - Travis Zajac wins face-off versus Wojtek Wolski in Bruins zone.
13:42 of 2nd period - Penalty to Shane O'Brien is over, Shane O'Brien is back on ice.
13:46 of 2nd period - Slapshot by David Perron.
13:46 of 2nd period - Shot Misses the Net.
14:46 of 2nd period - Alex Pietrangelo is hit by Dave Bolland and loses puck.
15:11 of 2nd period - Penalty to Kevin Bieksa is over, Kevin Bieksa is back on ice.
15:27 of 2nd period - Wrist shot by Brandon Yip.
15:27 of 2nd period - Stopped by Kevin Poulin with a rebound.
15:47 of 2nd period - Dave Bolland is hit by Alex Pietrangelo and loses puck.
16:26 of 2nd period - Cody Ceci is hit by Kris Chucko and loses puck.
16:45 of 2nd period - Pierre-Marc Bouchard is hit by Ted Purcell.
16:49 of 2nd period - Patrick Kaleta is hit by Pierre-Marc Bouchard and loses puck.
17:26 of 2nd period - Sergei Shirokov is hit by Jason Demers and loses puck.
19:18 of 2nd period - Slapshot by Bryce Lampman.
19:18 of 2nd period - Stopped by Kevin Poulin without a rebound.
19:19 of 2nd period - Rene Bourque wins face-off versus Logan Couture in Bruins zone.
19:19 of 2nd period - Rene Bourque is hit by Patrick Kaleta.
19:22 of 2nd period - Icing by Jason Demers.
19:23 of 2nd period - Rene Bourque wins face-off versus Kyle Okposo in Bruins zone.
19:23 of 2nd period - Rene Bourque is hit by Nick Leddy.
19:45 of 2nd period - Nicklas Backstrom is hit by Jason Demers and loses puck.
Goals for this period are 1 for Bruins vs 2 for Blues.
Shots for this period are 2 for Bruins vs 12 for Blues.
3rd period
0:01 of 3rd period - Nicklas Backstrom wins face-off versus Henrik Sedin in neutral zone.
0:15 of 3rd period - Penalty Shot by Andrew Alberts for Bruins.
0:15 of 3rd period - Deke by Andrew Alberts.
0:15 of 3rd period - Stopped by Carey Price.
0:16 of 3rd period - Travis Zajac wins face-off versus Pierre-Marc Bouchard in Bruins zone.
0:52 of 3rd period - Wrist shot by Henrik Sedin.
0:52 of 3rd period - Shot Misses the Net.
1:02 of 3rd period - Slapshot by Rene Bourque.
1:02 of 3rd period - Stopped by Carey Price with a rebound.
1:18 of 3rd period - Torey Krug is hit by Logan Couture and loses puck.
1:33 of 3rd period - Snap shot by T.J Galiardi.
1:33 of 3rd period - Stopped by Carey Price without a rebound.
1:34 of 3rd period - Nicklas Backstrom wins face-off versus Pierre-Marc Bouchard in Blues zone.
2:01 of 3rd period - Filip Forsberg is hit by Jason Demers and loses puck.
2:18 of 3rd period - Minor Penalty to Henrik Sedin for Roughing.
2:19 of 3rd period - Nicklas Backstrom wins face-off versus Rene Bourque in Bruins zone.
2:37 of 3rd period - Minor Penalty to Nicklas Backstrom for Holding.
2:38 of 3rd period - Logan Couture wins face-off versus Pierre-Marc Bouchard in Blues zone.
2:44 of 3rd period - Icing by Jason Demers.
2:45 of 3rd period - Logan Couture wins face-off versus Pierre-Marc Bouchard in Bruins zone.
3:17 of 3rd period - Slapshot by Bryce Lampman.
3:17 of 3rd period - Shot Blocked by Jason Demers.
3:19 of 3rd period - Slapshot by Logan Couture.
3:19 of 3rd period - Stopped by Kevin Poulin with a rebound.
3:21 of 3rd period - Snap shot by David Perron.
3:21 of 3rd period - Stopped by Kevin Poulin without a rebound.
3:22 of 3rd period - Rene Bourque wins face-off versus Brandon Yip in Bruins zone.
3:27 of 3rd period - Yann Sauvé is hit by Torey Krug and loses puck.
3:44 of 3rd period - Yann Sauvé is hit by Kris Chucko and loses puck.
3:57 of 3rd period - Jason Demers is hit by Logan Couture and loses puck.
4:18 of 3rd period - Penalty to Henrik Sedin is over, Henrik Sedin is back on ice.
4:20 of 3rd period - Snap shot by Filip Forsberg.
4:20 of 3rd period - Stopped by Kevin Poulin with a rebound.
4:36 of 3rd period - Wrist shot by Dave Bolland.
4:36 of 3rd period - Goal by Dave Bolland - Bruins : 2 - Blues : 2.
4:37 of 3rd period - Travis Zajac wins face-off versus Henrik Sedin in neutral zone.
4:37 of 3rd period - Alex Pietrangelo is hit by Jason Demers and loses puck.
4:52 of 3rd period - Travis Zajac is hit by Victor Oreskovich.
5:28 of 3rd period - Slapshot by Torey Krug.
5:28 of 3rd period - Stopped by Carey Price without a rebound.
5:29 of 3rd period - Henrik Sedin wins face-off versus Nicklas Backstrom in Blues zone.
5:42 of 3rd period - Slapshot by Henrik Sedin.
5:42 of 3rd period - Stopped by Carey Price with a rebound.
5:44 of 3rd period - Wrist shot by Victor Oreskovich.
5:44 of 3rd period - Deflect By Henrik Sedin.
5:44 of 3rd period - Stopped by Carey Price with a rebound.
5:50 of 3rd period - Minor Penalty to Yann Sauvé for Roughing.
5:51 of 3rd period - Henrik Sedin wins face-off versus Logan Couture in Blues zone.
5:52 of 3rd period - Snap shot by T.J Galiardi.
5:52 of 3rd period - Stopped by Carey Price with a rebound.
5:54 of 3rd period - Snap shot by Kevin Bieksa.
5:54 of 3rd period - Shot Misses the Net.
5:56 of 3rd period - Snap shot by T.J Galiardi.
5:56 of 3rd period - Shot Misses the Net.
5:58 of 3rd period - Slapshot by Torey Krug.
5:58 of 3rd period - Deflect By Henrik Sedin.
5:58 of 3rd period - Shot Misses the Net.
5:58 of 3rd period - Puck is out of play.
5:59 of 3rd period - Logan Couture wins face-off versus Henrik Sedin in Blues zone.
6:32 of 3rd period - Wrist shot by Pierre-Marc Bouchard.
6:32 of 3rd period - Shot Misses the Net.
6:34 of 3rd period - Slapshot by Viktor Stalberg.
6:34 of 3rd period - Deflect By Patrick Kaleta.
6:34 of 3rd period - Shot Misses the Net.
6:34 of 3rd period - Puck is out of play.
6:35 of 3rd period - Pierre-Marc Bouchard wins face-off versus Logan Couture in Blues zone.
6:38 of 3rd period - Wrist shot by Viktor Stalberg.
6:38 of 3rd period - Stopped by Carey Price with a rebound.
6:40 of 3rd period - Snap shot by Pierre-Marc Bouchard.
6:40 of 3rd period - Stopped by Carey Price without a rebound.
6:41 of 3rd period - Logan Couture wins face-off versus Henrik Sedin in Blues zone.
6:50 of 3rd period - Slapshot by Jason Demers.
6:50 of 3rd period - Stopped by Carey Price with a rebound.
6:52 of 3rd period - Wrist shot by Nathan Horton.
6:52 of 3rd period - Shot Blocked by Alex Pietrangelo.
7:50 of 3rd period - Penalty to Yann Sauvé is over, Yann Sauvé is back on ice.
8:01 of 3rd period - Wrist shot by Dave Bolland.
8:01 of 3rd period - Stopped by Carey Price with a rebound.
8:03 of 3rd period - Wrist shot by Rene Bourque.
8:03 of 3rd period - Shot Blocked by Matthew Spiller.
8:05 of 3rd period - Slapshot by Dave Bolland.
8:05 of 3rd period - Stopped by Carey Price with a rebound.
8:29 of 3rd period - Sergei Shirokov is hit by Nikolai Zherdev and loses puck.
8:40 of 3rd period - Dave Bolland is hit by Yann Sauvé and loses puck.
8:49 of 3rd period - Minor Penalty to David Perron for Hooking.
8:50 of 3rd period - Logan Couture wins face-off versus Pierre-Marc Bouchard in Blues zone.
8:59 of 3rd period - Slapshot by Logan Couture.
8:59 of 3rd period - Stopped by Kevin Poulin with a rebound.
9:57 of 3rd period - Matthew Spiller is hit by Henrik Sedin and loses puck.
10:14 of 3rd period - Wrist shot by Ted Purcell.
10:14 of 3rd period - Stopped by Kevin Poulin without a rebound.
10:15 of 3rd period - Travis Zajac wins face-off versus Henrik Sedin in Bruins zone.
10:49 of 3rd period - Penalty to David Perron is over, David Perron is back on ice.
11:26 of 3rd period - Slapshot by Wojtek Wolski.
11:26 of 3rd period - Shot Blocked by Filip Forsberg.
12:03 of 3rd period - David Perron is hit by Victor Oreskovich and loses puck.
12:18 of 3rd period - Slapshot by Bryce Lampman.
12:18 of 3rd period - Shot Blocked by Torey Krug.
12:38 of 3rd period - Nathan Horton is hit by Matthew Spiller and loses puck.
12:57 of 3rd period - Alex Pietrangelo is hit by Victor Oreskovich and loses puck.
13:18 of 3rd period - Logan Couture is hit by Viktor Stalberg and loses puck.
14:01 of 3rd period - T.J Galiardi is hit by Matthew Spiller and loses puck.
14:40 of 3rd period - Nikolai Zherdev is hit by Sergei Shirokov and loses puck.
15:01 of 3rd period - Snap shot by Brandon Yip.
15:01 of 3rd period - Shot Misses the Net.
15:03 of 3rd period - Wrist shot by Maxim Lapierre.
15:03 of 3rd period - Stopped by Kevin Poulin with a rebound.
15:05 of 3rd period - Snap shot by Linus Omark.
15:05 of 3rd period - Stopped by Kevin Poulin with a rebound.
15:23 of 3rd period - Minor Penalty to Alex Pietrangelo for Hooking.
15:24 of 3rd period - Logan Couture wins face-off versus Henrik Sedin in Blues zone.
16:41 of 3rd period - Travis Zajac is hit by Torey Krug and loses puck.
16:52 of 3rd period - T.J Galiardi is hit by Matthew Spiller and loses puck.
17:13 of 3rd period - Viktor Stalberg is hit by David Perron and loses puck.
17:23 of 3rd period - Penalty to Alex Pietrangelo is over, Alex Pietrangelo is back on ice.
18:33 of 3rd period - T.J Galiardi is hit by Travis Zajac and loses puck.
Goals for this period are 1 for Bruins vs 0 for Blues.
Shots for this period are 12 for Bruins vs 7 for Blues.
Overtime #1
0:01 of 1st overtime period - Henrik Sedin wins face-off versus Nicklas Backstrom in neutral zone.
0:12 of 1st overtime period - Snap shot by Henrik Sedin.
0:12 of 1st overtime period - Stopped by Carey Price with a rebound.
1:19 of 1st overtime period - Snap shot by Brandon Yip.
1:19 of 1st overtime period - Shot Misses the Net.
2:42 of 1st overtime period - Dave Bolland is hit by Travis Zajac and loses puck.
3:05 of 1st overtime period - Nick Leddy is hit by Pierre-Marc Bouchard and loses puck.
3:16 of 1st overtime period - Kris Chucko is hit by Filip Forsberg and loses puck.
3:27 of 1st overtime period - David Perron is hit by Victor Oreskovich and loses puck.
3:46 of 1st overtime period - Dave Bolland is hit by Travis Zajac and loses puck.
Goals for this period are 0 for Bruins vs 0 for Blues.
Shots for this period are 1 for Bruins vs 0 for Blues.
ShootOut
5:00 of 1st overtime period - Round #1.
5:00 of 1st overtime period - Bruins, Viktor Stalberg.
5:00 of 1st overtime period - Snap shot by Viktor Stalberg.
5:00 of 1st overtime period - Stopped by Carey Price.
5:00 of 1st overtime period - Blues, David Perron.
5:00 of 1st overtime period - Backhand shot by David Perron.
5:00 of 1st overtime period - Stopped by Kevin Poulin.
5:00 of 1st overtime period - Round #2.
5:00 of 1st overtime period - Bruins, Henrik Sedin.
5:00 of 1st overtime period - Backhand shot by Henrik Sedin.
5:00 of 1st overtime period - Goal by Henrik Sedin.
5:00 of 1st overtime period - Blues, Ted Purcell.
5:00 of 1st overtime period - Wrist shot by Ted Purcell.
5:00 of 1st overtime period - Goal by Ted Purcell.
5:00 of 1st overtime period - Round #3.
5:00 of 1st overtime period - Bruins, Nathan Horton.
5:00 of 1st overtime period - Wrist shot by Nathan Horton.
5:00 of 1st overtime period - Stopped by Carey Price.
5:00 of 1st overtime period - Blues, Nicklas Backstrom.
5:00 of 1st overtime period - Deke by Nicklas Backstrom.
5:00 of 1st overtime period - Goal by Nicklas Backstrom.
Back to the Top